Map: Central Protocol

Players

oremj - Winner!

  • Race: Terran Terran
  • League: Silver

Fibrula

  • Race: Protoss Protoss

VOD

Have the link to the VOD?

Description

Time

  • Played on: Nov. 11, 2015, 7:55 p.m.
  • Length: 6:00
Show
View Real Time Build Order
Export as new Build Order

oremj Terran - Winner!

Build Orders: Command Center First (CC) 

Get SALT Encoding   

  12  0:01  SCV  
  13  0:13  SCV  
  14  0:49  Supply Depot  
  14  0:52  SCV  
  15  1:00  Command Center  
  15  1:11  SCV  
  16  1:15  Barracks  
  16  1:23  SCV  
  17  1:35  SCV  
  17  1:37  Refinery  
  17  1:47  SCV  
  17  1:51  Barracks  
  18  1:59  SCV  
  19  2:14  SCV  
  21  2:18  SCV  
  21  2:26  SCV  
  21  2:27  Barracks  
  21  2:28  Barracks  
  22  2:30  SCV  
  22  2:32  Marine  
  24  2:40  Marine  
  26  2:44  SCV  
  26  2:49  Orbital Command  
  26  2:57  SCV  
  27  2:58  Marine  
  27  3:04  Barracks Tech Lab  
  28  3:09  SCV  
  29  3:16  Barracks Tech Lab, Marine  
  29  3:18  Marine  
  32  3:27  Marine  
  32  3:33  Concussive Shells  
  32  3:34  Marine  
  32  3:40  Combat Shields  
  33  3:42  Marauder  
  33  3:43  Marine  
  33  3:44  SCV  
  33  3:48  Orbital Command  
  37  3:53  Supply Depot  
  37  3:54  Barracks Tech Lab  
  37  4:03  SCV  
  37  4:04  Marauder  
  40  4:12  Barracks Tech Lab  
  40  4:14  Marauder  
  40  4:15  SCV  
  43  4:22  Marauder  
  43  4:23  SCV  
  45  4:42  Supply Depot  
  45  4:43  SCV x2  
  47  4:46  Supply Depot  
  47  4:49  Engineering Bay  
  47  4:55  Engineering Bay  
  47  4:58  SCV x2  
  47  4:59  Refinery  
  49  5:02  Marine, Marauder  
  52  5:10  SCV  
  53  5:14  Marauder  
  53  5:15  SCV  
  56  5:22  SCV  
  57  5:28  SCV  
  57  5:33  Marauder, Marine  
  57  5:34  Marauder  
  63  5:36  SCV  
  63  5:40  SCV  
Show
View Real Time Build Order
Export as new Build Order

Fibrula Protoss 

Build Orders:  

Get SALT Encoding   

  12  0:02  Probe (Chrono Boost)  
  13  0:13  Probe (Chrono Boost)  
  14  0:23  Probe (Chrono Boost)  
  15  1:11  Pylon  
  15  1:29  Probe (Chrono Boost)  
  16  1:54  Pylon  
  16  1:56  Assimilator  
  16  1:58  Assimilator  
  16  2:24  Gateway  
  16  2:27  Gateway  
  16  2:30  Gateway  
  16  2:32  Gateway  
  16  2:34  Gateway, Probe (Chrono Boost)  
  16  2:36  Gateway  
  17  2:44  Pylon  
  17  2:45  Probe (Chrono Boost)  
  18  2:56  Probe (Chrono Boost)  
  19  3:08  Pylon  
  19  3:36  Cybernetics Core  
  19  3:45  Forge  
  19  3:48  Probe (Chrono Boost)  
  20  3:58  Probe (Chrono Boost)  
  21  4:09  Probe (Chrono Boost)  
  22  4:19  Probe (Chrono Boost)  
  23  4:37  Probe (Chrono Boost)  
  24  5:02  Nexus  
  24  5:21  Adept  
  24  5:23  Zealot  
  24  5:24  Nexus, Zealot  
  30  5:29  Pylon  
  30  5:33  Probe (Chrono Boost)  
Tags
 
Add a new tag
Caveats
  • Supply blocks, unpowered buildings, or Contaminate may cause inaccurate times.
  • Supply counts are checked every 10 seconds.